 Dungeon Crawl Stone Soup version 0.27-a0-1196-g3e9cee4cb2 (webtiles) character file.

Game seed: 1980982619895905404

21 karrick the Sneak (level 2, -1/19 HPs)
             Began as a Vampire Enchanter on May 30, 2021.
             Slain by an adder (3 damage)
             ... on level 2 of the Dungeon.
             The game lasted 00:01:09 (839 turns).

karrick the Sneak (Vampire Enchanter)                Turns: 839, Time: 00:01:10

Health: -1/19      AC:  2    Str:  7    XL:     2   Next: 62%
Magic:  5/5        EV: 12    Int: 17    God:
Gold:   162        SH:  0    Dex: 14    Spells: 4/5 levels left

rFire    + . .     SeeInvis +   a - +1 dagger
rCold    + . .     Faith    .   (no shield)
rNeg     . . .     Spirit   .   b - +0 robe
rPois    +         Reflect  .   (no helmet)
rElec    +         Harm     .   (no cloak)
rCorr    +         Rampage  .   (no gloves)
Will     .....                  (no boots)
Stlth    +++.......             (no amulet)
HPRegen  0.26/turn              (no ring)
MPRegen  0.09/turn              (no ring)

@: lethally poisoned (-1 -> -3), resistant, healing quickly, hasted, very quick
A: alive, fangs 3, see invisible, vampiric 1
a: Exsanguinate


You were on level 2 of the Dungeon.
You visited 1 branch of the dungeon, and saw 2 of its levels.

You collected 162 gold pieces.

Inventory:

Hand Weapons
 a - a +1 dagger (weapon)
Armour
 b - a +0 robe (worn)
Scrolls
 c - a scroll of summoning {unknown}
Potions
 f - a potion of berserk rage {unknown}


   Skills:
 + Level 0.1 Fighting
 + Level 1.1 Short Blades
 + Level 2.2 Dodging
 * Level 5.2 Stealth
 + Level 2.1 Spellcasting
 * Level 4.9 Hexes


You had 4 spell levels left.
You knew the following spells:

 Your Spells              Type           Power      Damage    Failure   Level
a - Corona                Hex            20%        N/A       2%          1

Your spell library contained the following spells:

 Spells                   Type           Power      Damage    Failure   Level
 Confusing Touch          Hex            18%        N/A       8%          3
 Tukima's Dance           Hex            18%        N/A       8%          3
 Ensorcelled Hibernation  Hex/Ice        20%        N/A       11%         2
 Dazzling Flash           Conj/Hex       20%        N/A       22%         3


Dungeon Overview and Level Annotations

Branches:
Dungeon (2/15)

Altars:


Innate Abilities, Weirdness & Mutations

Your natural rate of healing is accelerated.
You have razor-sharp teeth.
You have supernaturally acute eyesight. (SInv)
You are afflicted with vampirism.


Message History

The endoplasm quivers.
You hit the rat.
You kill the rat!
The adder bites you but does no damage.
You hit the adder. Your bite misses the adder.
The adder is lightly wounded.
The adder misses you.
You closely miss the adder.
The adder is lightly wounded.
The adder bites you but does no damage. The endoplasm freezes you.
You are frozen.
You hit the adder.
The adder is moderately wounded.
The adder bites you.
You are poisoned.
The adder poisons you! The endoplasm barely misses you. The adder bites you.
You are too injured to fight recklessly!
You are too injured to fight recklessly!
You are too injured to fight recklessly!
You are too injured to fight recklessly!
You are too injured to fight recklessly!
You are too injured to fight recklessly!
You are too injured to fight recklessly!
You are too injured to fight recklessly!
You are too injured to fight recklessly!
You are too injured to fight recklessly!
You are too injured to fight recklessly!
There are monsters nearby!
There are monsters nearby!
You feel sick.
You feel sick.
It was a potion of haste.
You feel yourself speed up.
You feel sick. The adder bites you.
* * * LOW HITPOINT WARNING * * *
It was a potion of resistance.
You feel protected.
* * * LOW HITPOINT WARNING * * *
You feel sick. The adder bites you.
You die...

♣.♣♣
♣♣.♣♣.♣..♣
# ♣♣.♣
♣♣...♣♣..♣
# ♣.♣♣
♣♣♣♣♣♣♣.♣
# ♣♣.♣ ..♣
# ♣.♣♣
♣♣.♣ #
♣♣.♣ .♣ #
♣.♣♣♣♣♣ ♣
# ♣♣.♣♣.♣
# ♣♣@SJ♣♣♣
# ♣♣♣...♣
# ♣...[♣ #
...$.♣ #
♣♣....♣ #
.♣?.♣♣ # ♣
♣♣♣ # ##
########.


You could see an adder and an endoplasm.

Vanquished Creatures
  7 ball pythons (D:1)
  2 endoplasms (D:1)
  A goblin (D:1)
  A hobgoblin (D:1)
  3 kobolds
  3 bats
  3 rats
20 creatures vanquished.

Vanquished Creatures (others)
  3 toadstools (D:1)
3 creatures vanquished.

Grand Total: 23 creatures vanquished

Notes
Turn   | Place    | Note
-------+----------+-------------------------------------------
     0 | D:1      | karrick the Vampire Enchanter began the quest for the Orb.
     0 | D:1      | Reached XP level 1. HP: 13/13 MP: 3/3
   261 | D:1      | Reached XP level 2. HP: 19/19 MP: 5/5
   302 | D:1      | Reached skill level 5 in Stealth
   839 | D:2      | Slain by an adder

Illustrated notes

Levels and vault maps discovered:
D:1:      saegor_arrival_under_anarchy, layout_loops_ring,
          minmay_gold_behind_fungi
D:2:      kb_forest_paths, layout_basic, kennysheep_another_room

Skill      XL: |  1  2 |
---------------+-------+-----
Stealth        | 5 |  5.2
Fighting       | |  0.1
Short Blades   | |  1.1
Dodging        | |  2.2
Spellcasting   | |  2.1
Hexes          | |  4.9

Action                   || total
-------------------------++-------
Melee: Dagger            ||    41
       Bite              ||     2
  Use: Potion            ||     2
 Stab: Sleeping          ||    13
Armor: Robe              ||     7
Dodge: Dodged            ||    24

Table legend: (Time is in decaauts)
 A = Elapsed time spent in this place.
 B = Non-inter-level travel time spent in this place.
 C = Inter-level travel time spent in this place.
 D = Time resting spent in this place.
 E = Time spent auto-exploring this place.
 F = Levels seen in this place.
 G = Mean time per level.
                   A        B        C        D        E       F      G
               +--------+--------+--------+--------+--------+-----+--------+
         Total |    839 |    824 |     15 |      0 |    690 |   2 |  419.5 |
       Dungeon |    839 |    824 |     15 |      0 |    690 |   2 |  419.5 |
               +--------+--------+--------+--------+--------+-----+--------+

Top non-repeatable levels by time:
     D:1: 750 daAuts
     D:2: 88 daAuts
